 Dungeon Crawl Stone Soup version bcrawl-1.21.2-1-g32d02e0829 (webtiles) character file.

Game seed: 14932725988577263979

4657 Freyura the Spear-Bearer (level 10, -4/79 HPs)
             Began as a Formicid Fighter on Feb 22, 2020.
             Was a Believer of Ashenzari.
             Impaled on a porcupine's spines (15 damage)
             ... on level 8 of the Dungeon.
             The game lasted 00:21:05 (5784 turns).

Freyura the Spear-Bearer (Formicid Fighter)         Turns: 5784, Time: 00:21:06

Health: -4/79      AC: 20    Str: 26 (27) XL:     10   Next: 71%
Magic:  10/10      EV: 11    Int:  7      God:    Ashenzari [**....]
Gold:   545        SH: 12    Dex: 11 (13) Spells: 9/9 levels left

rFire    + . .     SeeInvis +   u - +3 spear (distort) (curse)
rCold    . . .     Gourm    .   c - +0 shield (curse)
rNeg     . . .     Faith    .   p - +0 chain mail (curse)
rPois    .         Spirit   .   (helmet unavailable)
rElec    +         Reflect  .   j - +2 cloak (curse)
rCorr    .         Harm     .   v - +2 pair of gloves (curse)
MR       +....                  w - +0 pair of boots (curse)
Stlth    ..........             (no amulet)
HPRegen  0.23/turn              f - ring of insulation (curse)
MPRegen  0.12/turn              o - ring of fire

@: mighty
A: permanent stasis, dig shafts and tunnels, four strong arms, antennae 3,
talons 1, cold resistance 1, deterioration 1
a: Dig, Shaft Self, Curse Item, Scrying, Renounce Religion


You were on level 8 of the Dungeon.
You worshipped Ashenzari.
Ashenzari was pleased with you.
You were hungry.

You visited 1 branch of the dungeon, and saw 8 of its levels.

You collected 545 gold pieces.

Inventory:

Hand Weapons
 a - a +0 trident
 u - a cursed +3 spear of distortion (weapon)
Missiles
 g - 2 throwing nets (quivered) {!f}
Armour
 c - a cursed +0 shield (worn)
 j - a cursed +2 cloak (worn)
 p - a cursed +0 chain mail (worn)
 v - a cursed +2 pair of gloves (worn)
 w - a cursed +0 pair of boots (worn)
Jewellery
 f - a cursed ring of insulation (left hand)
 k - an uncursed ring of wizardry
 o - a ring of fire (right hand)
 B - an uncursed ring of ice
Wands
 b - a wand of flame (26)
 n - a wand of random effects (17)
 q - a wand of polymorph (8)
 s - a wand of iceblast (10)
 A - a wand of paralysis (8)
Scrolls
 h - 2 scrolls of remove curse
 l - 2 scrolls of magic mapping
 t - 3 scrolls of enchant weapon
 y - a scroll of amnesia
Potions
 d - a potion of might
 i - a potion of flight {unknown}
 m - 5 potions of curing
 r - 2 potions of brilliance {unknown}
 x - a potion of invisibility
Comestibles
 e - 9 rations {!d}


   Skills:
 + Level 7.4 Fighting
 * Level 9.0(11.2) Polearms
 + Level 7.5(10.5) Armour
 + Level 5.4 Dodging
 + Level 8.2(9.7) Shields


You had 9 spell levels left.
You didn't know any spells.
Your spell library contained the following spells:

 Spells                   Type           Power        Failure   Level  Hunger
 Corona                   Hex            #......      91%         1    ##.....
 Ensorcelled Hibernation  Hex/Ice        #.....       97%         2    ###....
 Confuse                  Hex            #.......     100%        3    ####...
 Dazzling Spray           Conj/Hex       #.....       100%        3    ####...
 Tukima's Dance           Hex            #.......     100%        3    ####...


Dungeon Overview and Level Annotations

Branches:
Dungeon (8/12)             Temple (0/1) D:7
   Lair: D:7-9          Orc: D:8-11

Altars:
Ashenzari
Cheibriados
Dithmenos
Fedhas
Gozag
Makhleb
Nemelex Xobeh
Sif Muna
Trog
Uskayaw
Wu Jian
Yredelemnul
The Shining One

Annotations:
D:8 Joseph


Innate Abilities, Weirdness & Mutations

You cannot be hasted, slowed, berserked, paralysed or teleported.
You can dig through walls and to a lower floor.
Your four strong arms can wield two-handed weapons with a shield.
You have a pair of large antennae on your head. (SInv)
You have sharp toenails.
Your flesh is cold resistant. (rC+)
Your body sometimes deteriorates upon taking damage.


Message History

You puncture the yak!
The yak looks slightly unstable.
The yak is almost dead.
You puncture Joseph!
Joseph is almost dead.
Joseph blinks!
The yak closely misses you. You block the yak's attack.
You hit the yak.
The yak is moderately wounded.
The porcupine bites you!
* * * LOW HITPOINT WARNING * * *
Your body deteriorates!
You feel clumsy.
You hit the yak.
The yak looks slightly unstable.
The yak is moderately wounded.
The yak gores you.
* * * LOW HITPOINT WARNING * * *
You block the yak's attack.
You puncture the yak!
The yak is severely wounded.
The yak blinks!
The yak disappears!
You block the porcupine's attack.
You are struck by the porcupine's spines.
You die...

#..........#
, *
#..........#
# * *
#..........#
# * ,,
#..Y...#####
# *, ,
#......# # *
* #......###
# *, *
#........# #
##r#####.# #
* * #@#* .#
# * , ,,
#rr#* * , #
, { *##YY.
,..... , *
,♣P.@... , ,
,,,*.P.... *
.P.... *


PP.... ### , #.. You could see Joseph, 3 yaks and 3 porcupines.

Vanquished Creatures
  A centaur skeleton (D:7)
  A troll (D:8)
  A hippogriff (D:6)
  Eustachio (D:6)
  2 basilisks (D:8)
  A hungry ghost (D:4)
  Menkaure (D:7)
  Duvessa (D:6)
  A crocodile (D:6)
  A soldier ant (D:8)
  2 orc warriors
  3 ogres
  2 phantoms
  6 centaurs
  2 bullfrogs
  2 scorpions
  Dowan (D:6)
  6 killer bees
  A howler monkey (D:4)
  5 crimson imps
  2 bullfrog zombies
  A quasit (D:7)
  A centaur zombie (D:6)
  6 jellies
  3 bullfrog skeletons
  4 hounds
  Crazy Yiuf (D:6)
  2 orc priests (D:6)
  3 orc wizards
  5 iguanas
  Ijyb (D:5)
  6 worker ants
  A hound zombie (D:7)
  A hound skeleton (D:3)
  2 worker ant zombies
  A gnoll (D:5)
  5 adders
  2 oozes
  An adder skeleton (D:6)
  A worm (D:3)
  4 dart slugs
  8 leopard geckos
  26 orcs
  6 giant cockroaches
  6 hobgoblins
  6 jackals
  8 quokkas
  2 bats
  4 frilled lizards
  4 goblins
  9 kobolds
  5 rats
  A spectral orc (D:5)
179 creatures vanquished.

Vanquished Creatures (others)
  A bush (D:8)
  3 fungi
  2 plants (D:8)
6 creatures vanquished.

Grand Total: 185 creatures vanquished

Notes
Turn   | Place    | Note
-------+----------+-------------------------------------------
     0 | D:1      | Freyura the Formicid Fighter began the quest for the Orb.
     0 | D:1      | Reached XP level 1. HP: 18/18 MP: 1/1
    23 | D:1      | Reached XP level 2. HP: 24/24 MP: 2/2
   193 | D:1      | Reached XP level 3. HP: 23/29 MP: 3/3
   682 | D:2      | Reached skill level 1 in Dodging
   724 | D:2      | Found a faded altar of an unknown god.
   733 | D:2      | Reached XP level 4. HP: 37/37 MP: 4/4
   858 | D:2      | Found a burning altar of Makhleb.
  1269 | D:3      | Reached skill level 3 in Polearms
  1363 | D:3      | Reached XP level 5. HP: 40/42 MP: 5/5
  1493 | D:3      | Noticed a centaur
  1493 | D:3      | Noticed a phantom
  1500 | D:3      | Killed a centaur
  1500 | D:3      | Reached XP level 6. HP: 46/48 MP: 6/6
  1601 | D:3      | Killed a phantom
  1601 | D:3      | Reached skill level 4 in Polearms
  1636 | D:3      | Found a glowing golden altar of the Shining One.
  1754 | D:3      | Found a sparkling altar of Nemelex Xobeh.
  1855 | D:4      | Noticed a hungry ghost
  1917 | D:4      | Found a shattered altar of Ashenzari.
  1929 | D:4      | Became a worshipper of Ashenzari the Shackled
  1940 | D:4      | Gained mutation: Your flesh is cold resistant. (rC+)
                  | [potion of mutation]
  1940 | D:4      | Gained mutation: Your body sometimes deteriorates upon
                  | taking damage. [potion of mutation]
  1940 | D:4      | Gained mutation: You have sharp toenails. [potion of
                  | mutation]
  1957 | D:4      | Noticed a phantom
  1967 | D:4      | Killed a phantom
  1967 | D:4      | Reached XP level 7. HP: 55/55 MP: 7/7
  1999 | D:4      | Killed a hungry ghost
  1999 | D:4      | Reached skill level 5 in Shields
  2119 | D:4      | Found an ornate altar of the Wu Jian Council.
  2196 | D:4      | Reached skill level 5 in Polearms
  2226 | D:4      | Reached XP level 8. HP: 61/61 MP: 8/8
  2234 | D:4      | Reached skill level 5 in Fighting
  2310 | D:4      | Reached skill level 5 in Armour
  2450 | D:5      | Entered Level 5 of the Dungeon
  2472 | D:5      | Found a blossoming altar of Fedhas.
  2551 | D:5      | Noticed Ijyb
  2556 | D:5      | Killed Ijyb
  2714 | D:5      | Noticed a hippogriff
  2740 | D:5      | Reached * piety under Ashenzari
  2765 | D:5      | Found a basalt altar of Yredelemnul.
  2926 | D:5      | Found an opulent altar of Gozag.
  2987 | D:5      | Found a bloodstained altar of Trog.
  3220 | D:5      | Found a hide-covered altar of Uskayaw.
  3369 | D:6      | Noticed Duvessa
  3369 | D:6      | Noticed Dowan
  3377 | D:6      | Reached skill level 6 in Polearms
  3383 | D:6      | Killed Dowan
  3433 | D:6      | Noticed a hippogriff
  3434 | D:6      | Reached XP level 9. HP: 68/68 MP: 9/9
  3542 | D:6      | Noticed Eustachio
  3565 | D:6      | Killed Eustachio
  3616 | D:6      | Killed a hippogriff
  3644 | D:6      | Reached skill level 7 in Polearms
  3713 | D:6      | Found a runed door.
  3763 | D:6      | Killed Duvessa
  3983 | D:6      | Reached ** piety under Ashenzari
  4380 | D:6      | Noticed Crazy Yiuf
  4383 | D:6      | Killed Crazy Yiuf
  4439 | D:7      | Found a shadowy altar of Dithmenos.
  4461 | D:7      | Reached XP level 10. HP: 68/77 MP: 10/10
  4565 | D:7      | Found a snail-covered altar of Cheibriados.
  4603 | D:7      | Reached skill level 8 in Polearms
  4767 | D:7      | Noticed a cyclops
  4853 | D:7      | Noticed Menkaure
  4858 | D:7      | Killed Menkaure
  4858 | D:7      | Reached skill level 5 in Dodging
  4901 | D:7      | Found a staircase to the Ecumenical Temple.
  5498 | D:8      | Found a shimmering blue altar of Sif Muna.
  5707 | D:8      | Noticed Joseph
  5765 | D:8      | Reached skill level 9 in Polearms
  5784 | D:8      | Impaled on a porcupine's spines

Skill      XL: |  1  2  3  4  5  6  7  8  9 10 |
---------------+-------------------------------+-----
Dodging        | 1 2 3 4 5 |  5.4
Shields        | 4 5 6 7 8 |  8.2
Polearms       | 3 4 5 6 7 9 |  9.0
Fighting       | 4 5 6 7 |  7.4
Armour         | 4 5 6 7 |  7.5

Action                   |  1- 3 |  4- 6 |  7- 9 | 10-12 || total
-------------------------+-------+-------+-------+-------++-------
Melee: Trident           |    96 |    42 |       |       ||   138
       Spear             |       |   142 |   323 |   155 ||   620
Invok: Curse Item        |       |     6 |       |       ||     6
  Use: Scroll            |       |     5 |    11 |     3 ||    19
       Potion            |       |     1 |       |     4 ||     5
  Eat: Chunk             |       |     3 |     7 |     4 ||    14
       Ration            |       |     1 |     1 |       ||     2
Armor: Scale mail        |    25 |     1 |       |       ||    26
       Chain mail        |       |    52 |    64 |    36 ||   152
Dodge: Dodged            |    25 |    30 |    39 |    26 ||   120
Block: Shield            |    33 |    71 |    83 |    41 ||   228
